 Dungeon Crawl Stone Soup version 0.31-a0-214-gb37851dbb3 (webtiles) character file.

Game seed: 167476981600597802

254 qw the Shooter (level 6, 0/37 HPs)
             Began as a Gargoyle Hexslinger on July 1, 2023.
             Slain by a kobold brigand
             ... wielding a +3 short sword
              (1 damage)
             ... on level 6 of the Dungeon.
             The game lasted 00:01:05 (2519 turns).

qw the Shooter (Gargoyle Hexslinger)                Turns: 2519, Time: 00:01:06

Health: 0/37       AC: 12    Str: 11    XL:     6   Next: 15%
Magic:  7/7        EV: 10    Int: 14    God:
Gold:   292        SH:  0    Dex: 14    Spells: 6/7 levels left

rFire   . . .        Y - +4 sling
rCold   . . .        (no shield)
rNeg    + . .        j - +0 ring mail
rPois   inf          (no helmet)
rElec   +            (no cloak)
rCorr   .            g - +2 pair of gloves
SInv    .            (no boots)
Will    .....        (no amulet)
Stlth   +            (no ring)
HPRegen 0.26/turn    (no ring)
MPRegen 0.10/turn

%: no passive effects
@: no status effects
A: sickness immunity, AC +4, negative energy resistance 1, electricity
resistance, torment resistance 1, petrification resistance
a: no special abilities


You were on level 6 of the Dungeon.
You visited 1 branch of the dungeon, and saw 5 of its levels.

You collected 292 gold pieces.


Innate Abilities, Weirdness & Mutations

You are immune to sickness and miasma.
Your stone body is resilient. (AC +4)
You are immune to poison.
You resist negative energy. (rN+)
You are resistant to electric shocks. (rElec)
You are resistant to unholy torment.
You are immune to petrification.


   Skills:
 - Level 3.1 Fighting
 + Level 5.4 Ranged Weapons
 - Level 1.2 Armour
 - Level 1.5 Dodging
 - Level 1.0 Spellcasting
 - Level 2.6 Hexes


You had 6 spell levels left.
You knew the following spells:

 Your Spells              Type           Power      Damage    Failure   Level
a - Slow                  Hex            32%        N/A       21%         1

Your spell library contained the following spells:

 Spells                   Type           Power      Damage    Failure   Level
 Inner Flame              Hex/Fire       4%         N/A       71%         3
 Portal Projectile        Hex/Tloc       8%         N/A       71%         3
 Cause Fear               Hex            4%         N/A       90%         4

Inventory:

Hand Weapons
 Y - a +4 sling (weapon)
Armour
 g - a +2 pair of gloves (worn)
 j - a +0 ring mail (worn)
Scrolls
 a - a scroll of identify
Potions
 b - a potion of lignification {unknown}
 c - a potion of haste {unknown}
 e - a potion of attraction {unknown}
 f - a potion of resistance
 h - a potion of curing
 k - a potion of brilliance {unknown}
 m - a potion of heal wounds {unknown}

Dungeon Overview and Level Annotations

Branches:
Dungeon (4/15)
 Temple: D:4-7

Altars:
Ashenzari
Hepliaklqana
Makhleb

Shops:
D:3 :


Message History

You shoot a sling bullet.
The sling bullet closely misses the orc priest.
The orc priest hits you with a +0 hand axe!
The kobold brigand hits you with a +3 short sword.
The kobold brigand hits you but does no damage.
The orc priest closely misses you.
You shoot a sling bullet. The sling bullet hits the orc priest.
You kill the orc priest!
The kobold brigand hits you but does no damage.
You shoot a sling bullet.
The sling bullet hits the kobold brigand.
The kobold brigand is moderately wounded.
The kobold hits you but does no damage.
The kobold brigand hits you with a +3 short sword.
You shoot a sling bullet.
The sling bullet hits the kobold brigand.
The kobold brigand is moderately wounded.
The kobold hits you but does no damage.
The kobold brigand completely misses you.
You shoot a sling bullet.
The sling bullet hits the kobold brigand.
The kobold brigand is heavily wounded.
The kobold hits you but does no damage.
The kobold brigand hits you with a +3 short sword. x2
The kobold hits you but does no damage.
You shoot a sling bullet.
The sling bullet hits the kobold brigand.
The kobold brigand is heavily wounded.
The kobold hits you but does no damage.
The kobold brigand hits you but does no damage.
You shoot a sling bullet.
The sling bullet barely misses the kobold brigand.
The kobold barely misses you.
The kobold brigand hits you with a +3 short sword!
You shoot a sling bullet.
The sling bullet barely misses the kobold brigand.
The kobold hits you but does no damage.
The kobold brigand hits you but does no damage.
The kobold brigand hits you with a +3 short sword.
You die...

.. #.. ##.. ##
.#.... ##. ......
#.# . #...# ##.# ..
#..###..## .o#
#.......## ..#
##.###..@####)o#
##.# ##.KKK..#
#..###...#..##
##.......##.##
###............
##.##....####.......
#.....##.# ##...##..
#......##..# #..#
#.. ...##...##.#
#... ...


You could see a kobold brigand and 2 kobolds.

Vanquished Creatures
  An orc priest (D:6)
  A hound (D:4)
  3 iguanas (D:4)
  3 adders
  4 dart slugs
  4 orcs
  5 endoplasms
  2 giant cockroaches (D:4)
  7 goblins
  7 hobgoblins
  9 jackals
  7 kobolds
  6 quokkas
  4 ball pythons
  10 bats
  4 frilled lizards
  7 rats
84 creatures vanquished.

Notes
Turn   | Place    | Note
-------+----------+-------------------------------------------
     0 | D:1      | qw the Gargoyle Hexslinger began the quest for the Orb.
     0 | D:1      | Reached XP level 1. HP: 12/12 MP: 2/2
     0 | D:1      | 0 ||| qw: Version: 0.3-a-32-g5962c71
     0 | D:1      | 0 ||| qw: Game counter: 7359
     0 | D:1      | 0 ||| qw: Melee chars always use a shield: true
     0 | D:1      | 0 ||| qw: God list: Okawaru
     0 | D:1      | 0 ||| qw: Allow faded altars: false
     0 | D:1      | 0 ||| qw: Do Orc after clearing Dungeon:15 true
     0 | D:1      | 0 ||| qw: Do second Lair branch before Depths: true
     0 | D:1      | 0 ||| qw: Lair rune preference: random
     0 | D:1      | 0 ||| qw: Goals: Normal
     0 | D:1      | 0 ||| PLANNING D:1-11
   125 | D:1      | Reached XP level 2. HP: 9/16 MP: 3/3
   226 | D:1      | 226 ||| FLEEEEING.
   227 | D:1      | 227 ||| FLEEEEING.
   234 | D:1      | 234 ||| FLEEEEING.
   236 | D:1      | Reached skill level 3 in Ranged Weapons
   306 | D:1      | Found a faded altar of an unknown god.
   394 | D:1      | Reached XP level 3. HP: 21/21 MP: 4/4
   654 | D:1      | 654 ||| UPGRADING to +2 pair of gloves.
   659 | D:1      | 659 ||| READING scroll labelled OCZEDDOEXT.
   660 | D:1      | 660 ||| READING 2 scrolls labelled QEYNIU BUARUVU.
   661 | D:1      | 661 ||| READING scroll of enchant weapon.
   661 | D:1      | 661 ||| ENCHANTING +2 sling.
   662 | D:1      | 662 ||| READING 2 scrolls labelled LAVOESKU RUM.
   663 | D:1      | 663 ||| DROPPING scroll of poison.
   664 | D:1      | 664 ||| DROPPING scroll of blinking.
   692 | D:2      | 692 ||| READING scroll of enchant weapon.
   692 | D:2      | 692 ||| ENCHANTING +3 sling.
  1144 | D:2      | Reached XP level 4. HP: 26/26 MP: 5/5
  1394 | D:2      | 1394 ||| UPGRADING to +0 leather armour.
  1404 | D:2      | 1404 ||| DROPPING +0 robe.
  1405 | D:2      | 1405 ||| DROPPING ring of magical power.
  1406 | D:2      | 1406 ||| READING scroll labelled YFOYL VAUN.
  1407 | D:2      | 1407 ||| READING scroll labelled MEGO PU TUCS.
  1408 | D:2      | 1408 ||| READING scroll labelled REZITUY HIMMO.
  1409 | D:2      | 1409 ||| DRINKING 2 orange potions.
  1483 | D:3      | Reached skill level 4 in Ranged Weapons
  1806 | D:3      | Found Enayxk Vait's Book Shop.
  1991 | D:3      | Found a broken altar of Ashenzari.
  2092 | D:3      | Found a hazy altar of Hepliaklqana.
  2098 | D:3      | 2098 ||| UPGRADING to +0 ring mail.
  2108 | D:3      | 2108 ||| DROPPING +0 leather armour.
  2109 | D:3      | 2109 ||| READING 2 scrolls labelled MEXAHA RI YSO.
  2110 | D:3      | 2110 ||| READING scroll labelled JASI NIC FYJ.
  2111 | D:3      | 2111 ||| READING scroll labelled HEVAUKK PUXIKU.
  2112 | D:3      | 2112 ||| READING 2 scrolls labelled VADANWUSAT.
  2113 | D:3      | 2113 ||| DRINKING 2 inky potions.
  2114 | D:3      | 2114 ||| DROPPING scroll of revelation.
  2141 | D:4      | Found a burning altar of Makhleb.
  2208 | D:4      | Reached skill level 1 in Armour
  2224 | D:4      | Reached XP level 5. HP: 25/30 MP: 6/6
  2291 | D:4      | Reached skill level 5 in Ranged Weapons
  2338 | D:4      | Reached skill level 3 in Fighting
  2471 | D:4      | You fall into a shaft and drop 2 floors!
  2491 | D:6      | 2491 ||| Stepping ~*~*~tactically~*~*~ (outnumbered).
  2495 | D:6      | Reached XP level 6. HP: 37/37 MP: 7/7
  2502 | D:6      | 2502 ||| Stepping ~*~*~tactically~*~*~ (outnumbered).
  2504 | D:6      | 2504 ||| Stepping ~*~*~tactically~*~*~ (outnumbered).
  2516 | D:6      | HP: 9/37 [kobold brigand/+3 short sword (4)]
  2518 | D:6      | HP: 1/37 [kobold brigand/+3 short sword (9)]
  2519 | D:6      | Slain by a kobold brigand

Levels and vault maps discovered:
D:1:      psy_arrival_whirlpool, layout_rooms,
          dreamdust_ecumenical_altar_angels_and_demons
D:2:      minmay_door_path, layout_basic, supply_closet_lemuel
D:3:      layout_loops_cross, old_standard_altar,
          nicolae_hepliaklqana_hippocampus, serial_shops,
          nicolae_shop_behind_doors, serial_glass, glass_columns_a,
          glass_columns_a
D:4:      layout_rooms, nicolae_overflow_crystal_walls
D:6:      layout_layer_cave, amcnicky_altar_gilded, vehumet_crystals,
          lemuel_coloured_pillars_altar

Skill      XL: |  1  2  3  4  5 |
---------------+----------------+-----
Ranged Weapons | 3 4 5 |  5.4
Fighting       | 2 3 |  3.1
Armour         | 1 |  1.2
Dodging        | |  1.5
Spellcasting   | |  1.0
Hexes          | |  2.6

Action                     |  1- 3 |  4- 6 || total
---------------------------+-------+-------++-------
   Fire: Sling             |   102 |   137 ||   239
    Use: Scroll            |     5 |     7 ||    12
         Potion            |       |     2 ||     2
 Armour: Robe              |    19 |       ||    19
         Ring mail         |       |    43 ||    43
         Leather armour    |       |    15 ||    15
  Dodge: Dodged            |    25 |    55 ||    80

Table legend:
 A = Non-vault XP
 B = Vault XP
 C = Vault XP percentage of total XP
 D = Non-vault monster count
 E = Vault monster count
 F = Vault count percentage of total count
                 A         B        C        D         E       F
            +---------+---------+-------+---------+---------+-------
      Total |     346 |      18 |   4.9 |      81 |       3 |   3.6
            +---------+---------+-------+---------+---------+-------
        D:1 |      51 |       0 |   0.0 |      28 |       0 |   0.0
        D:2 |      19 |      18 |  48.6 |      12 |       3 |  20.0
        D:3 |      36 |       0 |   0.0 |      20 |       0 |   0.0
        D:4 |     194 |       0 |   0.0 |      17 |       0 |   0.0
        D:6 |      46 |       0 |   0.0 |       4 |       0 |   0.0
            +---------+---------+-------+---------+---------+-------
